 Dungeon Crawl Stone Soup version 0.22-a0-3-g4fa69d9 (webtiles) character file.

29 Aryth the Insei (level 3, 29/29 HPs)
             Began as a Mummy Monk on Jan 1, 2018.
             Quit the game on level 2 of the Dungeon.
             The game lasted 00:04:36 (1651 turns).

Aryth the Insei (Mummy Monk)                        Turns: 1651, Time: 00:04:37

Health: 29/29      AC:  2    Str: 14    XL:     3   Next: 1%
Magic:  3/3        EV: 13    Int:  9    God:
Gold:   58         SH:  0    Dex: 15    Spells: 2/2 levels left

rFire    . . .     SeeInvis .     - Unarmed
rCold    + . .     Gourm    .   (no shield)
rNeg     + + +     Faith    .   a - +0 robe
rPois    ∞         Spirit   .   (no helmet)
rElec    .         Reflect  .   (no cloak)
rCorr    .         Harm     .   (no gloves)
MR       .....                  (no boots)
Stlth    ++........             (no amulet)
HPRegen  0.09/turn              c - ring of protection from fire
MPRegen  0.08/turn              (no ring)

@: no status effects
A: no food or potions, fire vulnerability, cold resistance 1, negative energy
resistance 3, torment resistance, unbreathing
a: no special abilities


You were on level 2 of the Dungeon.
You were not hungry.

You visited 1 branch of the dungeon, and saw 2 of its levels.

You collected 58 gold pieces.

Inventory:

Armour
 a - a +0 robe (worn)
Jewellery
 c - a ring of protection from fire (left hand)
 e - a cursed -6 ring of dexterity
Scrolls
 b - a scroll of noise {unknown}
 d - a scroll of immolation
 f - a scroll of identify
 g - a scroll of magic mapping {unknown}


   Skills:
 - Level 3.0 Fighting
 - Level 2.4 Dodging
 - Level 1.5 Stealth
 + Level 3.4 Unarmed Combat


You had 2 spell levels left.
You didn't know any spells.

Dungeon Overview and Level Annotations

Branches:
Dungeon (2/15)

Altars:


Innate Abilities, Weirdness & Mutations

You do not eat or drink.
Your flesh is vulnerable to fire.
You are immune to poison.
Your flesh is cold resistant. (rC+)
You are immune to negative energy. (rN+++)
You are immune to unholy pain and torment.
You can survive without breathing.


Message History

You hit the rat but do no damage. The rat barely misses you.
You hit the rat.
You kill the rat!
You see here a rat corpse.
You see here a rat corpse.
Found a ration.
You see here a ration.
There is a stone staircase leading down here.
You see here a chain mail.
Found an orange potion.
You now have 48 gold pieces (gained 7).
Found a ring mail.
f - a scroll of identify
Found 19 sling bullets.
You now have 58 gold pieces (gained 10).
You see here 19 sling bullets.
g - a scroll labeled BAIFROONEEN You see here 19 sling bullets.
Found 22 stones.
Are you sure you want to abandon this character and quit the game? (Confirm with "yes".)

# .. #.# ###
###...####.##
(.?....@..#.##
###......###.#
#.#####.#.## #
#.##
#.###########
#...........#
#
#.#########.#
.##.# #.# .
...# #.#


There were no monsters in sight!

Vanquished Creatures
  A dart slug (D:1)
  2 giant cockroaches (D:1)
  5 goblins (D:1)
  A hobgoblin (D:1)
  4 jackals (D:1)
  5 bats (D:1)
  2 frilled lizards (D:1)
  2 kobolds (D:1)
  4 rats
26 creatures vanquished.

Notes
Turn   | Place    | Note
-------+----------+-------------------------------------------
     0 | D:1      | Aryth the Mummy Monk began the quest for the Orb.
     0 | D:1      | Reached XP level 1. HP: 18/18 MP: 1/1
   368 | D:1      | Reached XP level 2. HP: 14/24 MP: 2/2
  1354 | D:1      | Reached XP level 3. HP: 29/29 MP: 3/3
  1651 | D:2      | Quit the game

Vault maps used:
D:1:      dpeg_arrival_round_b

Skill      XL: |  1  2 |
---------------+-------+-----
Unarmed Combat | 3 |  3.4
Fighting       | |  3.0
Dodging        | |  2.4
Stealth        | |  1.5

Action                   || total
-------------------------++-------
Melee: Unarmed           ||   102
       Punch             ||     1
  Use: Scroll            ||     3
 Stab: Sleeping          ||     2
Armor: Robe              ||    26
Dodge: Dodged            ||    78

Table legend:
 A = Spawn XP
 B = Non-spawn XP
 C = Spawn XP percentage of total XP
 D = Spawn monster count
 E = Non-spawn monster count
 F = Spawn count percentage of total count
 G = Total turns spent on level
                    A         B        C        D         E        F      G
               +---------+---------+-------+---------+---------+-------+---------
         Total |       0 |      42 |   0.0 |       0 |      26 |   0.0 |  1651
               +---------+---------+-------+---------+---------+-------+---------
           D:1 |       0 |      41 |   0.0 |       0 |      25 |   0.0 |  1455
           D:2 |       0 |       1 |   0.0 |       0 |       1 |   0.0 |   196
               +---------+---------+-------+---------+---------+-------+---------
